 Dungeon Crawl Stone Soup version 0.29-a0-25-g7f48f510a0 (webtiles) character file.

Game seed: 16118910286952589982

109 funkygono the Firebug (level 4, -4/24 HPs)
             Began as a Gargoyle Fire Elementalist on Jan 31, 2022.
             Killed by divine providence
             ... invoked by an orc priest
              (11 damage)
             ... on level 2 of the Dungeon.
             The game lasted 00:03:47 (3010 turns).

funkygono the Firebug (Gargoyle Fire Elementalist)  Turns: 3010, Time: 00:03:47

Health: -4/24      AC:  7    Str: 11    XL:     4   Next: 89%
Magic:  8/8        EV: 12    Int: 18    God:
Gold:   56         SH:  0    Dex: 10    Spells: 3/9 levels left

rFire   . . .      SeeInvis .   g - +0 whip
rCold   . . .      Faith    .   (no shield)
rNeg    + . .      Spirit   .   a - +0 robe
rPois   ∞          Reflect  .   (no helmet)
rElec   +          Harm     .   (no cloak)
rCorr   .          Rampage  .   i - +1 pair of gloves
Will    .....                   (no boots)
Stlth   ++........              (no amulet)
HPRegen 0.08/turn               (no ring)
MPRegen 0.11/turn               (no ring)

@: no status effects
A: sickness immunity, AC +3, negative energy resistance 1, electricity
resistance, torment resistance 1, petrification resistance
a: no special abilities


You were on level 2 of the Dungeon.
You visited 1 branch of the dungeon, and saw 3 of its levels.

You collected 56 gold pieces.

Inventory:

Hand Weapons
 e - a +0 club
 g - a +0 whip (weapon)
Missiles
 d - 65 stones
Armour
 a - a +0 robe (worn)
 h - a +0 leather armour
 i - a +1 pair of gloves (worn)
Potions
 b - a potion of might
 f - 2 potions of curing


   Skills:
 + Level 1.7 Dodging
 - Level 2.1 Stealth
 * Level 3.1 Spellcasting
 * Level 2.2 Conjurations
 * Level 4.1 Fire Magic


You had 3 spell levels left.
You knew the following spells:

 Your Spells              Type           Power      Damage    Failure   Level
a - Foxfire               Conj/Fire      56%        2x1d6     4%          1
b - Scorch                Fire           34%        2d6       4%          2
c - Conjure Flame         Conj/Fire      14%        6-21      13%         3

Your spell library contained the following spells:

 Spells                   Type           Power      Damage    Failure   Level
 Inner Flame              Hex/Fire       10%        N/A       21%         3
 Flame Wave               Conj/Fire      14%        2d6       41%         4


Dungeon Overview and Level Annotations

Branches:
Dungeon (3/15)

Altars:


Innate Abilities, Weirdness & Mutations

You are immune to sickness and miasma.
Your stone body is resilient. (AC +3)
You are immune to poison.
You resist negative energy. (rN+)
You are resistant to electric shocks. (rElec)
You are resistant to unholy torment.
You are immune to petrification.


Message History

Flames lash the orc.
You kill the orc!
Unknown command.
Casting: Scorch (safe; 4% risk of failure)
Confirm with . or Enter, or press ? or * to list all spells.
You conjure some foxfire!
The orc priest calls down the wrath of Beogh upon you.
Beogh smites you!
Ouch! That really hurt!
The rat closely misses you.
The foxfire hits the rat.
You kill the rat!
You climb upwards.
Your mindless puppet stays behind to rot.
There is a stone staircase leading down here.
Casting: Foxfire (safe; 4% risk of failure)
Confirm with . or Enter, or press ? or * to list all spells.
You conjure some foxfire!
You start resting.
Your foxfire dissipates! x2
You start resting.
Magic restored.
You start resting.
HP restored.
You climb downwards.
The adder bites you but does no damage. The adder bites you.
The orc priest mumbles some strange prayers to Beogh against you.
Pain shoots through your body!
There is a stone staircase leading up here.
The adder closely misses you.
The orc priest invokes the aid of Beogh against you.
Beogh smites you!
* * * LOW HITPOINT WARNING * * *
The adder misses you.
You climb upwards.
There is a stone staircase leading down here.
You barely miss the orc priest. The adder closely misses you.
The orc priest calls down the wrath of Beogh upon you.
Beogh smites you!
You die...

#.....##....######....#..≈
#.###.##..#.....##...##.≈. #.#
#..#..#.....#######≈≈≈ ########.#
##.#..##....# ##≈≈ ......##.#
#....##....# #≈≈
.........#####...#.(...# ##≈
......###...##...#.....##########
......##..#.##.So#.....##........
...............[@).....##........
.....)##.##.###[.##....##........
######....#.#....##....##........
#####.#..#.#.##.##....##........
#..........#.#........##........
#..........#........####........
#.......)..###......####........
#...............................
#.........##############........


You could see an orc priest and an adder.

Vanquished Creatures
  An orc wizard (D:2)
  An adder (D:2)
  A worm (D:2)
  A dart slug (D:1)
  7 orcs
  6 ball pythons
  4 endoplasms
  5 giant cockroaches
  6 goblins
  5 hobgoblins (D:2)
  3 jackals (D:1)
  A quokka (D:1)
  5 bats
  2 frilled lizards (D:1)
  3 kobolds
  6 rats
57 creatures vanquished.

Vanquished Creatures (others)
  157 foxfires
  2 plants (D:1)
159 creatures vanquished.

Grand Total: 216 creatures vanquished

Notes
Turn   | Place    | Note
-------+----------+-------------------------------------------
     0 | D:1      | funkygono the Gargoyle Fire Elementalist began the quest
                  | for the Orb.
     0 | D:1      | Reached XP level 1. HP: 10/10 MP: 3/3
   279 | D:1      | Reached XP level 2. HP: 15/15 MP: 3/5
   282 | D:1      | Learned a level 2 spell: Scorch
   676 | D:1      | Reached XP level 3. HP: 10/19 MP: 0/6
   680 | D:1      | Learned a level 3 spell: Conjure Flame
  1702 | D:2      | Reached XP level 4. HP: 24/24 MP: 2/7
  1761 | D:2      | Reached skill level 4 in Fire Magic
  3010 | D:2      | Killed from afar by an orc priest

Illustrated notes

Levels and vault maps discovered:
D:1:      dpeg_arrival_water_fire, layout_basic, corexii_corridor_pit,
          serial_bayou_lagoon_b
D:2:      layout_basic, nicolae_underground_beach
D:3:      layout_loops_ring, uniq_jessica, uniq_sigmund

Skill      XL: |  1  2  3  4 |
---------------+-------------+-----
Fire Magic     | 4 |  4.1
Conjurations   | 2 |  2.2
Spellcasting   | 3 |  3.1
Dodging        | |  1.7
Stealth        | |  2.1

Action                   |  1- 3 |  4- 6 || total
-------------------------+-------+-------++-------
Melee: Unarmed           |     9 |       ||     9
       Punch             |     1 |       ||     1
       Whip              |     1 |     8 ||     9
 Cast: Foxfire           |    59 |    36 ||    95
       Scorch            |     4 |     6 ||    10
  Use: Scroll            |       |     2 ||     2
Armor: Robe              |     7 |    14 ||    21
Dodge: Dodged            |    29 |    25 ||    54

Table legend: (Time is in decaauts)
 A = Elapsed time spent in this place.
 B = Non-inter-level travel time spent in this place.
 C = Inter-level travel time spent in this place.
 D = Time resting spent in this place.
 E = Time spent auto-exploring this place.
 F = Levels seen in this place.
 G = Mean time per level.
                   A        B        C        D        E       F      G
               +--------+--------+--------+--------+--------+-----+--------+
         Total |   3029 |   2981 |     48 |    333 |   2242 |   3 | 1009.7 |
       Dungeon |   3029 |   2981 |     48 |    333 |   2242 |   3 | 1009.7 |
               +--------+--------+--------+--------+--------+-----+--------+

Top non-repeatable levels by time:
     D:2: 1772 daAuts
     D:1: 1225 daAuts
     D:3: 31 daAuts
